 Dungeon Crawl Stone Soup version 0.30.1-9-gdf580d7c3d (webtiles) character file.

Game seed: 1763762605043592226

378 Amplified the Trooper (level 6, -2/56 HPs)
             Began as a Minotaur Hedge Wizard on Sept 27, 2023.
             Slain by Maggie
             ... wielding a +1 war axe of freezing
              (5 damage)
             ... on level 7 of the Dungeon.
             The game lasted 00:04:29 (3186 turns).

Amplified the Trooper (Minotaur Hedge Wizard)       Turns: 3186, Time: 00:04:30

Health: -2/56      AC:  9    Str: 14    XL:     6   Next: 45%
Magic:  17/17      EV: 11    Int: 11    God:
Gold:   106        SH:  0    Dex: 10    Spells: 6/9 levels left

rFire   . . .        q - +1 trident "Fewkaobb" {spect, rCorr MP+9 Str-2}
rCold   . . .        (no shield)
rNeg    . . .        e - +0 ring mail
rPois   .            c - +1 hat
rElec   .            l - +1 cloak
rCorr   +            (no gloves)
SInv    .            (no boots)
Will    .....        s - amulet of the acrobat
Stlth   +            (no ring)
HPRegen 0.29/turn    (no ring)
MPRegen 0.15/turn

%: acrobat
@: no status effects
A: horns 2, retaliatory headbutt
a: no special abilities


You were on level 7 of the Dungeon.
You visited 1 branch of the dungeon, and saw 5 of its levels.

You collected 106 gold pieces.

Inventory:

Hand Weapons
 f - a +1 dagger of draining
 h - a +2 short sword of venom
 p - a +0 flail
 q - the +1 trident "Fewkaobb" (weapon) {spect, rCorr MP+9 Str-2}
   (You found it on level 3 of the Dungeon)

   Str:       It affects your strength (-2).
   MP:        It affects your magic capacity (+9).
   rCorr:     It protects you from acid and corrosion.
 t - a +0 dagger of electrocution
Missiles
 j - 2 poisoned darts
Armour
 c - a +1 hat (worn)
 e - a +0 ring mail (worn)
 l - a +1 cloak (worn)
Jewellery
 s - an amulet of the acrobat (around neck)
Wands
 o - a wand of light (8)
Scrolls
 k - 2 scrolls of fear
 n - 3 scrolls of enchant armour
Potions
 a - 2 potions of attraction
 b - 4 potions of curing
 d - a potion of magic
 i - 2 potions of lignification {unknown}
 m - a potion of cancellation {unknown}
 r - a potion of brilliance {unknown}


   Skills:
 * Level 5.0 Fighting
 * Level 2.5 Polearms
 * Level 5.0 Armour
 - Level 2.1 Dodging
 - Level 1.5 Stealth
 - Level 2.1 Spellcasting
 - Level 0.6 Conjurations
 - Level 0.6 Summonings
 - Level 0.6 Translocations


You had 6 spell levels left.
You knew the following spells:

 Your Spells              Type           Power      Damage    Failure   Level
a - Magic Dart            Conj           8%         1d3       41%         1
b - Blink                 Tloc           4%         N/A       54%         2

Your spell library contained the following spells:

 Spells                   Type           Power      Damage    Failure   Level
 Sandblast                Erth           2%         2d4       50%         1
 Slow                     Hex            4%         N/A       50%         1
 Call Imp                 Summ           4%         N/A       54%         2
 Cigotuvi's Dreadful Rot  Necr/Pois/Air  2%         N/A       63%         2
 Passwall                 Tmut/Erth      0%         N/A       63%         2
 Stone Arrow              Conj/Erth      2%         3d7       82%         3
 Mephitic Cloud           Conj/Pois/Air  1%         N/A       83%         3


Dungeon Overview and Level Annotations

Branches:
Dungeon (4/15)
 Temple: D:4-7

Altars:
Elyvilon
Gozag
Vehumet

Shops:
D:1 [   D:4 :

Annotations:
D:7 Maggie


Innate Abilities, Weirdness & Mutations

You have a pair of horns on your head.
You reflexively headbutt those who attack you in melee.


Message History

Maggie points at you and mumbles some strange words.
The bolt of fire hits you!!
* * * LOW HITPOINT WARNING * * *
You catch the helpless Maggie completely off-guard!
You puncture Maggie!
Maggie is heavily wounded.
Your +1 trident "Fewkaobb" {spect, rCorr MP+9 Str-2} closely misses Maggie.
Unknown command.
You hit Maggie.
Maggie is heavily wounded.
Your +1 trident "Fewkaobb" {spect, rCorr MP+9 Str-2} hits Maggie.
Maggie hits you but does no damage.
Maggie closely misses your +1 trident "Fewkaobb" {spect, rCorr MP+9 Str-2}.
Maggie barely misses you.
Maggie misses your +1 trident "Fewkaobb" {spect, rCorr MP+9 Str-2}.
It was a potion of curing.
You feel better.
Your +1 trident "Fewkaobb" {spect, rCorr MP+9 Str-2} disappears.
Maggie closely misses you.
Okay, then.
You hit Maggie. Your headbutt misses Maggie.
Maggie is severely wounded.
Your +1 trident "Fewkaobb" {spect, rCorr MP+9 Str-2} hits Maggie but does no damage.
Maggie practices a pose.
Maggie misses you. You furiously retaliate!
You headbutt Maggie, but do no damage.
Maggie barely misses your +1 trident "Fewkaobb" {spect, rCorr MP+9 Str-2}.
You barely miss Maggie.
Maggie is severely wounded.
Your +1 trident "Fewkaobb" {spect, rCorr MP+9 Str-2} hits Maggie.
Maggie barely misses you.
Maggie completely misses your +1 trident "Fewkaobb" {spect, rCorr MP+9 Str-2}.
Unknown command.
You strike the helpless Maggie from behind!
You hit Maggie. Your headbutt misses Maggie.
Maggie is severely wounded.
Your +1 trident "Fewkaobb" {spect, rCorr MP+9 Str-2} hits Maggie.
Maggie hits you with a +1 war axe of freezing!
* * * LOW HITPOINT WARNING * * *
Maggie freezes you.
You die...

#. ####. #
...#.. ....
...#########
#.###..(.......
.......@.......
.......@.......
.......########
######. #. #.
#. #. #.


You could see Maggie (blind) and a friendly +1 trident "Fewkaobb" {spect, rCorr
MP+9 Str-2}.

Vanquished Creatures
  A centaur (D:7)
  A scorpion (D:4)
  2 orc priests
  2 orc wizards
  3 adders (D:2)
  A worm (D:3)
  3 dart slugs (D:3)
  7 orcs
  6 bats (D:1)
  7 endoplasms
  A giant cockroach (D:2)
  9 goblins
  9 hobgoblins
  2 jackals (D:4)
  10 kobolds
  A quokka (D:3)
  10 ball pythons
  2 frilled lizards
  8 rats
85 creatures vanquished.

Notes
Turn   | Place    | Note
-------+----------+-------------------------------------------
     0 | D:1      | Amplified the Minotaur Hedge Wizard began the quest for the
                  | Orb.
     0 | D:1      | Reached XP level 1. HP: 14/14 MP: 2/2
   136 | D:1      | Reached skill level 1 in Fighting
   136 | D:1      | Reached skill level 1 in Armour
   174 | D:1      | Found Joumeh's Armour Emporium.
   192 | D:1      | Reached XP level 2. HP: 18/23 MP: 4/4
   436 | D:1      | Found a faded altar of an unknown god.
   805 | D:1      | Reached XP level 3. HP: 24/29 MP: 5/5
  1581 | D:2      | Reached XP level 4. HP: 35/38 MP: 6/6
  1816 | D:2      | Learned a level 2 spell: Blink
  2377 | D:3      | Found an opulent altar of Gozag.
  2457 | D:3      | Reached XP level 5. HP: 44/46 MP: 7/7
  2605 | D:3      | Found a radiant altar of Vehumet.
  2615 | D:3      | Identified the +1 trident "Fewkaobb" {spect, rCorr MP+9
                  | Str-2}
  3022 | D:4      | Reached skill level 1 in Polearms
  3071 | D:4      | Found a white marble altar of Elyvilon.
  3085 | D:4      | Found Cuorgh's Book Shoppe.
  3085 | D:4      | You fall into a shaft and drop 3 floors!
  3120 | D:7      | Noticed a centaur
  3129 | D:7      | Killed a centaur
  3130 | D:7      | Reached XP level 6. HP: 42/55 MP: 8/8
  3139 | D:7      | Reached skill level 5 in Fighting
  3139 | D:7      | Reached skill level 5 in Armour
  3178 | D:7      | Noticed Maggie
  3186 | D:7      | Slain by Maggie

Illustrated notes

Levels and vault maps discovered:
D:1:      reono_arrival_forest_river, layout_basic, serial_glass,
          glass_columns_b, glass_columns_c, serial_shops, shop,
          hellmonk_ecumenical_altar_blasted
D:2:      layout_loops_ring, corexii_hall_statues_l
D:3:      layout_basic, vehumet_crystals, grunt_gozag_statues,
          kennysheep_crisscross
D:4:      layout_basic, mainiacjoe_overflow_alcove_4, lemuel_tele_altar,
          serial_shops, nicolae_shop_window_shopping,
          nicolae_ossuary_entry_ruins
D:7:      layout_rooms, uniq_prince_ribbit1, uniq_maggie

Skill      XL: |  1  2  3  4  5  6 |
---------------+-------------------+-----
Fighting       | 1 2 3 4 5 |  5.0
Armour         | 1 2 3 4 5 |  5.0
Polearms       | 2 |  2.5
Dodging        | |  2.1
Stealth        | |  1.5
Spellcasting   | |  2.1
Conjurations   | |  0.6
Summonings     | |  0.6
Translocations | |  0.6

Action                     |  1- 3 |  4- 6 || total
---------------------------+-------+-------++-------
  Melee: Dagger            |    45 |       ||    45
         Headbutt          |    18 |    17 ||    35
         Short sword       |    51 |    47 ||    98
         Punch             |     1 |     1 ||     2
         Trident           |       |    47 ||    47
   Cast: Magic Dart        |     1 |       ||     1
  Evoke: Wand              |       |     2 ||     2
    Use: Scroll            |     3 |     6 ||     9
         Potion            |       |     1 ||     1
   Stab: Sleeping          |       |     1 ||     1
         Invisible         |       |     2 ||     2
 Armour: Ring mail         |    36 |    27 ||    63
         Robe              |     2 |       ||     2
  Dodge: Dodged            |    55 |    74 ||   129
